 Dungeon Crawl Stone Soup version 0.20-a0-622-g01f5896 (console) character file.

122 nht the Slasher (level 4, 0/34 HPs)
             Began as a Vampire Berserker on Feb 9, 2017.
             Was a Believer of Trog.
             Succumbed to an adder's poison
             ... on level 2 of the Dungeon.
             The game lasted 00:02:25 (1177 turns).

nht the Slasher (Vampire Berserker)                 Turns: 1177, Time: 00:02:25

Health: 0/34       AC:  3    Str: 16    XL:     4   Next: 78%
Magic:  4/4        EV: 18    Int: 14    God:    Trog [**....]
Gold:   29         SH:  0    Dex: 19    Spells: 3/3 levels left

rFire    + . .     SeeInvis +   a - +0 falchion
rCold    . . .     Gourm    .   b - +0 animal skin
rNeg     . . .     Faith    .   (no shield)
rPois    .         Spirit   .   (no helmet)
rElec    .         Reflect  .   (no cloak)
rCorr    .         Harm     .   n - +0 pair of gloves
MR       .....                  (no boots)
Stlth    +++.......             (no amulet)
Regen    0.4/turn               (no ring)
                                h - ring of protection from fire

@: brilliant, agile, lethally poisoned (0 -> -1), exhausted, regenerating
quickly
A: fangs 3, see invisible, unbreathing
a: Berserk, Trog's Hand, Burn Spellbooks, Renounce Religion


You were on level 2 of the Dungeon.
You worshipped Trog.
Trog was pleased with you.
You were almost alive.

You visited 1 branch of the dungeon, and saw 2 of its levels.

You collected 29 gold pieces.

Inventory:

Hand Weapons
 a - a +0 falchion (weapon)
Missiles
 g - 18 poisoned needles
Armour
 b - a +0 animal skin (worn)
 n - a +0 pair of gloves (worn)
Jewellery
 h - a ring of protection from fire (left hand)
 j - an uncursed ring of protection from magic {unknown}
Scrolls
 d - a scroll of teleportation {unknown}
 i - a scroll of random uselessness {unknown}
 m - a scroll of identify {unknown}
Potions
 c - 5 potions of blood
 e - a potion of curing


   Skills:
 - Level 2.6 Fighting
 + Level 5.6 Long Blades
 - Level 1.5 Armour
 - Level 2.1 Dodging


You had 3 spell levels left.
You didn't know any spells.

Dungeon Overview and Level Annotations

Branches:
Dungeon (2/15)

Altars:


Innate Abilities, Weirdness & Mutations

Your natural rate of healing is unusually fast.
You have razor-sharp teeth.
You have supernaturally acute eyesight. (SInv)
You can survive without breathing.


Message History

The adder bites you.
* * * LOW HITPOINT WARNING * * *
The adder bites you but does no damage.
You are too injured to fight recklessly!
You are too injured to fight recklessly!
It was a potion of cancellation.
You feel magically purged. The adder bites you.
* * * LOW HITPOINT WARNING * * *
You are lethally poisoned!
The adder poisons you!
It was a potion of brilliance.
You feel clever all of a sudden.
* * * LOW HITPOINT WARNING * * *
You feel sick. The adder closely misses you.
You riposte.
You closely miss the adder.
The adder is moderately wounded.
The adder closely misses you.
It was a potion of agility.
You feel agile all of a sudden.
You die... ██████████ █........████████ █.██████......... █.█ ██████████

█.█ █.█
████████.█
......S@.█


██████████ █████████████ ............. ███████████.. You could see an adder.

Vanquished Creatures
  Ijyb (D:2)
  5 adders (D:2)
  An ooze (D:2)
  A dart slug (D:1)
  A ball python (D:1)
  5 giant cockroaches
  3 goblins (D:2)
  5 hobgoblins
  7 kobolds
  2 quokkas (D:2)
  7 bats
  3 frilled lizards
  9 rats
50 creatures vanquished.

Notes
Turn   | Place    | Note
-------+----------+-------------------------------------------
     0 | D:1      | nht the Vampire Berserker began the quest for the Orb.
     0 | D:1      | Reached XP level 1. HP: 17/17 MP: 1/1
   104 | D:1      | Reached XP level 2. HP: 16/23 MP: 2/2
   231 | D:1      | Reached skill level 4 in Long Blades
   645 | D:2      | Reached XP level 3. HP: 22/28 MP: 3/3
  1049 | D:2      | Reached skill level 5 in Long Blades
  1049 | D:2      | Reached XP level 4. HP: 28/34 MP: 4/4
  1053 | D:2      | Reached ** piety under Trog
  1134 | D:2      | Noticed Ijyb
  1148 | D:2      | Killed Ijyb
  1175 | D:2      | HP: 1/34 [adder (4)]
  1177 | D:2      | Succumbed to an adder's poison

Vault maps used:
D:1:      lightli_arrival_flooded_house
D:2:      minmay_diamond_boxcup, chequers_ecumenical_altar_simple, uniq_iyjb

Skill      XL: |  1  2  3 |
---------------+----------+-----
Long Blades    | 4 5 |  5.6
Fighting       | |  2.6
Armour         | |  1.5
Dodging        | |  2.1

Action                   |  1- 3 |  4- 6 || total
-------------------------+-------+-------++-------
Melee: Falchion          |   100 |    37 ||   137
       Bite              |    15 |     3 ||    18
Invok: Berserk           |       |     1 ||     1
  Use: Potion            |     7 |     8 ||    15
 Stab: Sleeping          |     1 |       ||     1
  Eat: Corpse            |       |     1 ||     1
Armor: Animal skin       |    24 |     8 ||    32
Dodge: Dodged            |    80 |    33 ||   113
       Rpst.: Falchion   |    31 |    11 ||    42
